Map: Alcyone LE

Players

A.I. 1 (Very Easy) - Winner!

  • Race: Terran Terran
  • Spawn Location: 1:00

Nomad

  • Race: Zerg Zerg
  • League: Diamond
  • Spawn Location: 7:00

VOD

Have the link to the VOD?

Description

Time

  • Played on: March 2, 2024, 7:29 p.m.
  • Length: 5:02
Show
View Real Time Build Order
Export as new Build Order

A.I. 1 (Very Easy) Terran - Winner!

Build Orders:  

Get SALT Encoding   

  12  0:00  SCV  
  13  0:13  SCV  
  14  0:19  Supply Depot  
  14  0:37  Refinery  
  14  0:42  Barracks  
  14  1:02  Supply Depot  
  14  1:12  Refinery  
  14  1:29  Marine  
  14  1:30  Orbital Command  
  15  1:48  Barracks Tech Lab  
  15  1:55  SCV  
  16  2:07  SCV  
  17  2:12  Marine  
  18  2:20  SCV  
  19  2:32  SCV  
  20  2:44  SCV  
  21  2:56  SCV, Marauder  
Show
View Real Time Build Order
Export as new Build Order

Nomad Zerg 

Build Orders: Hatch First 

Get SALT Encoding   

  12  0:00  Drone  
  13  0:13  Overlord  
  13  0:16  Drone  
  14  0:31  Drone x2  
  14  0:35  Drone  
  17  0:53  Hatchery  
  16  0:58  Drone  
  16  0:59  Drone  
  18  1:14  Spawning Pool  
  17  1:31  Hatchery  
  16  1:35  Drone  
  16  1:38  Drone  
  18  1:41  Drone  
  19  1:47  Drone  
  19  1:50  Extractor  
  19  1:58  Overlord  
  19  2:02  Queen  
  19  2:06  Drone  
  22  2:15  Queen  
  24  2:18  Drone  
  24  2:22  Drone  
  26  2:24  Drone  
  27  2:31  Drone x2  
  29  2:39  Drone  
  29  2:43  Queen  
  32  2:49  Metabolic Boost  
  32  2:56  Queen  
  32  2:58  Drone  
  35  3:00  Drone  
  35  3:03  Drone  
  35  3:05  Drone  
  38  3:08  Overlord  
  38  3:13  Overlord  
  38  3:25  Queen  
  40  3:27  Queen  
  40  3:29  Drone  
  40  3:32  Drone x2  
  40  3:33  Drone  
  46  3:40  Baneling Nest  
  45  3:48  Drone x5  
  46  3:50  Drone  
  52  3:55  Drone  
  52  3:56  Drone x2  
  54  4:07  Zergling x8  
  54  4:08  Overlord  
  54  4:09  Overlord  
  58  4:25  Evolution Chamber  
  58  4:26  Evolution Chamber  
  58  4:27  Zergling x2  
  58  4:28  Zergling x16  
  65  4:36  Drone x3  
  65  4:37  Drone  
  69  4:44  Drone x5  
Tags
 
League
Diamond
Matchup
TvZ
Spawn Locations
Cross Positions
Add a new tag
Caveats
  • Supply blocks, unpowered buildings, or Contaminate may cause inaccurate times.
  • Supply counts are checked every 10 seconds.